Map: Site Delta LE

Players

ByuN

  • Race: Terran Terran
  • Spawn Location: 11:00

MaxPax - Winner!

  • Race: Protoss Protoss
  • League: Master
  • Spawn Location: 5:00

VOD

Have the link to the VOD?

Description

Time

  • Played on: Dec. 11, 2023, 6:39 a.m.
  • Length: 6:09
Show
View Real Time Build Order
Export as new Build Order

ByuN Terran 

Build Orders: Cyclone Opening 

Get SALT Encoding   

  12  0:00  SCV  
  13  0:12  SCV  
  14  0:17  Supply Depot  
  14  0:24  SCV  
  15  0:39  SCV  
  15  0:41  Barracks  
  16  0:43  Refinery  
  16  0:51  SCV  
  17  1:03  SCV  
  18  1:15  SCV  
  19  1:27  Marine  
  19  1:28  Orbital Command  
  20  1:47  Command Center  
  20  1:52  Factory  
  20  1:56  SCV  
  21  2:02  Barracks Reactor  
  21  2:04  Refinery  
  21  2:08  SCV  
  21  2:14  Supply Depot  
  22  2:20  SCV  
  23  2:35  SCV  
  23  2:36  Hellion  
  26  2:37  Starport  
  26  2:38  Marine  
  26  2:40  Marine  
  28  2:48  SCV  
  28  2:58  Cyclone  
  28  3:00  SCV  
  31  3:10  Marine x2  
  31  3:12  Orbital Command, SCV  
  29  3:20  Medivac  
  34  3:24  SCV  
  37  3:28  Marine x2  
  37  3:34  Factory Tech Lab  
  37  3:36  SCV  
  37  3:38  SCV  
  37  3:46  Supply Depot, Marine x2  
  40  3:51  Starport Tech Lab  
  40  3:54  SCV  
  40  3:55  SCV  
  41  3:58  Siege Tank  
  44  4:04  Marine x2  
  44  4:08  SCV x2  
  44  4:09  Bunker  
  48  4:13  Raven  
  48  4:15  Barracks  
  50  4:21  Supply Depot, SCV x2  
  52  4:33  SCV x2  
  52  4:43  Marine  
  52  4:44  Siege Tank, Marine  
  52  4:45  SCV x2  
  59  4:50  Refinery  
  59  4:57  SCV x2  
  61  5:01  Marine  
  61  5:06  Marine  
  61  5:07  Supply Depot  
  63  5:09  SCV x2, Barracks  
  65  5:14  Engineering Bay  
  65  5:19  Marine  
  64  5:21  SCV x2  
  64  5:22  Siege Tank  
  64  5:24  Marine  
  64  5:28  Supply Depot  
  66  5:36  Supply Depot x2  
  64  5:52  SCV  
  64  5:55  SCV  
Show
View Real Time Build Order
Export as new Build Order

MaxPax Protoss - Winner!

Build Orders: 1 Gate Expand, Blink Stalkers 

Get SALT Encoding   

  12  0:00  Probe  
  13  0:12  Probe  
  14  0:17  Pylon  
  14  0:24  Probe (Chrono Boost)  
  16  0:36  Gateway, Probe (Chrono Boost)  
  16  0:43  Probe (Chrono Boost)  
  16  0:45  Assimilator  
  17  0:51  Probe  
  18  1:03  Probe  
  19  1:15  Probe  
  20  1:23  Cybernetics Core  
  20  1:30  Nexus  
  20  1:34  Probe  
  21  1:40  Pylon  
  21  1:46  Probe  
  22  1:50  Assimilator  
  22  1:56  Adept (Chrono Boost)  
  22  1:58  Probe  
  22  2:00  Warp Gate  
  25  2:11  Probe  
  26  2:17  Adept (Chrono Boost)  
  28  2:23  Probe  
  28  2:27  Twilight Council  
  29  2:35  Gateway  
  30  2:37  Probe (Chrono Boost)  
  30  2:42  Probe (Chrono Boost)  
  32  2:51  Stalker  
  32  2:53  Probe (Chrono Boost)  
  32  2:54  Probe (Chrono Boost)  
  35  2:59  Blink (Chrono Boost), Probe  
  35  3:00  Probe  
  37  3:11  Probe  
  37  3:12  Probe  
  39  3:23  Robotics Facility, Probe  
  40  3:28  Probe  
  39  3:35  Probe  
  39  3:40  Gateway x2, Probe  
  41  3:44  Pylon  
  41  3:48  Probe  
  42  3:52  Stalker x2  
  46  3:59  Pylon  
  46  4:02  Probe x2  
  48  4:08  Warp Prism (Chrono Boost)  
  48  4:16  Assimilator  
  50  4:18  Stalker  
  50  4:20  Stalker  
  50  4:23  Probe x2  
  56  4:32  Pylon  
  56  4:35  Stalker x2  
  56  4:37  Probe  
  56  4:38  Probe  
  61  5:00  Stalker x3  
  61  5:03  Observer  
  61  5:05  Stalker  
  69  5:11  Nexus  
  69  5:13  Pylon  
  70  5:29  Pylon  
  70  5:32  Stalker x2  
  70  5:33  Stalker  
  70  5:34  Observer  
  72  5:37  Probe  
  72  5:39  Stalker  
  72  5:40  Probe  
  73  5:49  Probe  
  73  5:53  Probe  
  69  6:06  Stalker x4  
Tags
 
Add a new tag
Caveats
  • Supply blocks, unpowered buildings, or Contaminate may cause inaccurate times.
  • Supply counts are checked every 10 seconds.